[Event "2nd Doppelbauer Kiel GM 2022"]
[Site "Kiel"]
[Date "2022.07.02"]
[Round "5.3"]
[White "Hacker, Jonas"]
[Black "Bogner, Sebastian"]
[Result "1/2-1/2"]
[ECO "B40"]
[WhiteElo "2396"]
[BlackElo "2553"]
[Annotator "TA"]
[PlyCount "24"]
[EventDate "2022.06.30"]
[EventType "tourn"]
[EventCountry "GER"]
[SourceTitle "playchess.com"]
[Source "ChessBase"]
[SourceQuality "1"]
[TimeControl "40/5400+30:1800+30"]

1. e4 c5 2. Nf3 e6 3. g3 Nc6 4. Bg2 Nf6 5. Qe2 e5 {[%emt 0:01:21] The position is equal.} 6. O-O {[%emt 0:00:29] B40: Sicilian: 2...e6, Unusual lines.} Be7 7. Nc3 d6 8. Nd5 Be6 {[%emt 0:00:06] [#]} 9. Ng5 $146 ({Predecessor:} 9. Ne1 O-O 10. c3 Bxd5 11. exd5 Nb8 12. Nc2 Nbd7 13. d3 Re8 14. Ne3 b5 15. a4 a6 16. Bd2 Qb6 17. b4 Bf8 18. Rfb1 e4 19. dxe4 Nxe4 20. Bxe4 Rxe4 21. axb5 cxb4 22. cxb4 {0-1 (43) Murzin,V (2532)-Matlakov,M (2674) Chess.com INT 2022}) 9... Bd7 {[%emt 0:00:09] [#] White must now prevent ...Nxd5.} 10. Nf3 Be6 11. Ng5 Bd7 {[%emt 0:00:07] Threatens to win with ...Nxd5.} 12. Nf3 Be6 {[%emt 1:29:24] Not much happened in this game.  Weighted Error Value: White=0.05 (flawless) /Black=0.00 (flawless)} 1/2-1/2

[Event "2nd Doppelbauer Kiel GM 2022"]
[Site "Kiel"]
[Date "2022.07.02"]
[Round "5.4"]
[White "Teclaf, Pawel"]
[Black "Ernst, Sipke"]
[Result "1/2-1/2"]
[ECO "C47"]
[WhiteElo "2537"]
[BlackElo "2547"]
[Annotator "TA"]
[PlyCount "81"]
[EventDate "2022.06.30"]
[EventType "tourn"]
[EventCountry "GER"]
[SourceTitle "playchess.com"]
[Source "ChessBase"]
[SourceQuality "1"]
[TimeControl "40/5400+30:1800+30"]

1. e4 e5 2. Nf3 Nc6 3. Nc3 Nf6 4. d4 exd4 5. Nxd4 Bb4 6. Nxc6 bxc6 7. Bd3 d5 8. Bd2 O-O 9. O-O Bxc3 {[%emt 0:11:55] C47: Scotch Four Knights and Four Knights with 4 g3.} (9... Bd6 {feels hotter.} 10. Bg5 h6 11. Bh4 Rb8) 10. Bxc3 dxe4 $1 {[%emt 0:03:27][%mdl 4] is currently scoring better than 10...Nxe4.} (10... Nxe4 {looks sharper.} 11. Bxe4 dxe4 12. Qe2 Bf5) 11. Bxf6 {[%emt 0:00:06][%mdl 64] [#] Remove Defender} Qxf6 12. Bxe4 Qxb2 13. Bxc6 Rb8 14. Rb1 Qxb1 15. Qxb1 Rxb1 16. Rxb1 $11 {[%emt 0:00:29][%mdl 4096] Endgame KRB-KRB} Rd8 17. Bf3 {[%emt 0:00:03] [#]} Ba6 $146 ({Predecessor:} 17... Bf5 18. Rb7 Bxc2 19. Rxc7 Be4 20. Be2 g5 21. h3 a5 22. Ra7 Ra8 23. Re7 Bd5 {½-½ (37) Andreikin,D (2724)-Rapport,R (2762) Belgrade 2022}) 18. Rb3 c5 19. Ra3 Bb7 {[%emt 0:03:00] The position is equal.} 20. Rxa7 Bxf3 21. gxf3 {[%emt 0:00:04] KR-KR} Kf8 22. Ra5 Rd4 23. Rxc5 Ra4 24. Rc7 Rxa2 25. Kg2 Ra6 26. Rc4 Rg6+ 27. Kf1 Ra6 28. Ke2 Ra3 29. Rc7 g5 30. c4 Rc3 31. c5 Kg7 32. c6 Kf6 33. Kd2 Rc5 34. Ke3 Ke6 35. Rc8 Kd6 36. c7 Re5+ 37. Kd3 Rf5 38. Ke2 Kd7 39. Rh8 Kxc7 40. Rxh7 Kd6 41. h4 {[%emt 0:31:13] Weighted Error Value: White=0.04 (flawless) /Black=0.03 (flawless)} 1/2-1/2

[Event "2nd Doppelbauer Kiel GM 2022"]
[Site "Kiel"]
[Date "2022.07.02"]
[Round "5.5"]
[White "Farokhi, Keyvan"]
[Black "Meshkovs, Nikita"]
[Result "0-1"]
[ECO "B33"]
[WhiteElo "2360"]
[BlackElo "2553"]
[Annotator "TA"]
[PlyCount "104"]
[EventDate "2022.06.30"]
[EventType "tourn"]
[EventCountry "GER"]
[SourceTitle "playchess.com"]
[Source "ChessBase"]
[SourceQuality "1"]
[TimeControl "40/5400+30:1800+30"]

1. e4 c5 2. Nf3 Nc6 3. d4 cxd4 4. Nxd4 Nf6 5. Nc3 e5 6. Ndb5 d6 7. Bg5 a6 8. Na3 b5 9. Bxf6 gxf6 10. Nd5 f5 11. Bd3 Be6 12. c3 Bg7 13. Nxb5 {[%emt 0:00:49] B33: Sicilian: Pelikan and Sveshnikov Variations.} axb5 14. Bxb5 Bd7 (14... Rc8 $5 ) 15. exf5 {[%emt 0:00:07] The position is equal.} O-O 16. O-O {[%emt 0:00:33][%mdl 1024] White has compensation.} (16. a4 $5 ) 16... e4 17. a4 Re8 {[%emt 0:03:05] [#]} 18. Ne3 $146 (18. Qg4 $14 Rc8 19. Rad1) ({Predecessor:} 18. Qg4 Kh8 19. Qf4 Be5 20. Qh6 Rc8 21. f6 Rg8 22. Rae1 Rg6 23. Qh4 Rg4 24. Qh5 Bxf6 25. Qxf7 Be5 26. f4 exf3 27. Rxf3 Rg7 28. Qh5 Bg4 {0-1 (28) Tari,A (2593)-Zhigalko,S (2641) Katowice 2017}) 18... Bf8 (18... Ne5 $11) 19. Qh5 Ne5 20. Nd5 $1 Bg7 (20... Bxb5 $11 {remains equal.} 21. axb5 Rb8) 21. f6 $1 $16 {[%emt 0:10:42] And now Qg5 would win.} Bf8 22. Bxd7 (22. c4 $16) 22... Nxd7 $14 23. Qg5+ ({White should play} 23. Ne7+ $11 Kh8 24. Qxf7 Nxf6 25. Qxf6+ Bg7 26. Ng6+ $1 hxg6 27. Qxg6) 23... Kh8 $15 24. Ne7 {[%emt 0:00:09] [#]} ({White should try} 24. Rfd1 $15) 24... Nxf6 $1 $17 25. Qxf6+ Bg7 26. Qxf7 Rxe7 27. Qc4 d5 28. Qe2 Rea7 {[%emt 0:04:35] Black is more active.} 29. Rfd1 Rxa4 30. Ra2 Ra3 $4 (30... Rxa2 $19 31. Qd2 Rb8) 31. Rxa3 $18 Ra4 32. b3 $2 Rxa3 $17 33. Qxe4 {[%emt 0:00:00] [#]} Bxc3 (33... Ra1 $3 $19 34. Qf3 Rxd1+ 35. Qxd1 Bxc3) 34. g4 (34. Qf5 $17) 34... Ra1 (34... Rxb3 35. Rxd5 Qc8 36. Qd3 $17) 35. Qd3 Rxd1+ 36. Qxd1 d4 {[%emt 0:00:27][%cal Bd5d4,Bd4d3][%mdl 32] aiming for ...d3.} 37. Qd3 Qd5 38. Qc4 $2 (38. h4) 38... Qxc4 $19 39. bxc4 {[%emt 0:00:00][%mdl 4096] Endgame KB-KP} d3 40. Kf1 Bd2 41. c5 Kg7 42. c6 {[%emt 0:00:17] Threatens to win with c7.} Bf4 43. Ke1 Kf6 ({Weaker is} 43... Bxh2 44. Kd2 $11) 44. c7 Bxc7 {[%emt 0:00:02] ( -> ...Bf4). KB-K3P} 45. Kd2 {[%emt 0:00:06] [#]} Kg5 $1 46. h3 (46. f3 $19) 46... Kh4 {[%emt 0:00:00] Black mates.} 47. Kxd3 Kxh3 {[%emt 0:00:00] KB-KPP} 48. f3 Bf4 49. Ke2 Kg2 50. Ke1 Kxf3 51. Kf1 Be3 52. g5 Kg3 {[%emt 0:00:00] Black used his chance.  Weighted Error Value: White=0.71/Black=0.25 (precise)} 0-1

[Event "2nd Doppelbauer Kiel GM 2022"]
[Site "Kiel"]
[Date "2022.07.03"]
[Round "6.1"]
[White "Parvanyan, Ashot"]
[Black "Meshkovs, Nikita"]
[Result "1/2-1/2"]
[ECO "E04"]
[WhiteElo "2455"]
[BlackElo "2553"]
[Annotator "TA"]
[PlyCount "65"]
[EventDate "2022.06.30"]
[EventType "tourn"]
[EventCountry "GER"]
[SourceTitle "playchess.com"]
[Source "ChessBase"]
[SourceQuality "1"]
[TimeControl "40/5400+30:1800+30"]

1. Nf3 d5 2. d4 Nf6 3. c4 e6 4. g3 dxc4 5. Bg2 Bb4+ 6. Bd2 a5 7. Qc2 {[%emt 0:02:33] E04: Open Catalan: 5 Nf3.} Bxd2+ (7... Nc6 {keeps more tension.} 8. Qxc4 Qd5 9. Qd3 Qf5) 8. Qxd2 c6 9. a4 b5 10. axb5 cxb5 11. Qg5 {[%emt 0:00:10][%csl LRb5,LRg7] [#]} Bd7 $146 ({Predecessor:} 11... O-O 12. Qxb5 Ba6 13. Qa4 Nd5 14. O-O Qb6 15. Nc3 Nc6 16. e4 Nxc3 17. bxc3 Bb5 {½-½ (37) Andreikin,D (2729)-Sadhwani,R (2628) Chess.com INT 2022}) 12. Nc3 $2 (12. Qxg7 Rg8 13. Qh6 Bc6 $11) (12. Ne5 $16 h6 13. Qxg7) 12... h6 $17 13. Qc5 {[%emt 0:05:28] Black must now prevent Ne5.} (13. Qxg7 $2 Rh7 14. Qxh7 Nxh7 $19) 13... Na6 $1 $36 {[%emt 0:01:38][%mdl 2048] Black is really pushing.} 14. Qd6 {[%emt 0:04:45] aiming for Ne5.} Qc7 15. Qe5 ({Much weaker is} 15. Qxc7 Nxc7 16. Ne5 Ra6 $15) 15... O-O 16. Nxb5 (16. Nd2 $142) 16... Bxb5 17. Qxb5 {[%emt 0:00:17] [#]} c3 $1 18. Qb3 Ne4 19. bxc3 Rfb8 $2 (19... Rab8 $17 20. Qa3 Nxc3) 20. Qa3 $14 Nb4 $2 21. cxb4 $18 axb4 22. Qxa8 Rxa8 23. Rxa8+ Kh7 24. O-O b3 {[%emt 0:00:04] [#]} 25. Ng5+ $1 Nxg5 26. h4 f5 27. hxg5 b2 28. Ra6 {[%emt 0:00:00] Against Qb6} (28. d5 $18) 28... hxg5 $2 {[%emt 0:00:00] [#]} (28... Qb8 $1 $11 {and Black stays safe.}) 29. Rxe6 $2 (29. Bc6 $1 $18) 29... Qb8 $1 $11 {[%emt 0:00:00] The position is equal.} 30. Rb1 Qa7 31. Rf1 {[%emt 0:00:33][%cal Og3g4] Strongly threatening g4!} Qb8 $1 32. Rb1 Qa7 33. Rf1 {[%emt 0:00:32] Weighted Error Value: White=0.41/Black=0.41} 1/2-1/2

[Event "2nd Doppelbauer Kiel GM 2022"]
[Site "Kiel"]
[Date "2022.07.03"]
[Round "6.2"]
[White "Ernst, Sipke"]
[Black "Farokhi, Keyvan"]
[Result "0-1"]
[ECO "D85"]
[WhiteElo "2547"]
[BlackElo "2360"]
[Annotator "TA"]
[PlyCount "92"]
[EventDate "2022.06.30"]
[EventType "tourn"]
[EventCountry "GER"]
[SourceTitle "playchess.com"]
[Source "ChessBase"]
[SourceQuality "1"]
[TimeControl "40/5400+30:1800+30"]

1. d4 Nf6 2. c4 g6 3. Nc3 d5 4. cxd5 Nxd5 5. e4 Nxc3 6. bxc3 Bg7 7. Nf3 {[%emt 0:00:15] is more profitable than 7.Bc4 at the moment.} c5 8. Be3 Qa5 9. Bd2 {[%emt 0:02:49] D85: Exchange Grünfeld: Unusual White 7th moves and lines with 7 Nf3.} O-O 10. Be2 Bg4 11. O-O {[%emt 0:00:11] The position is equal.} Rd8 12. d5 Bxc3 13. Bxc3 Qxc3 14. Rc1 Qa5 15. Ng5 {[%emt 0:00:04] [#]} h6 $146 {[%emt 0:07:16] [#] And now ...Bxe2 would win.} ({Predecessor:} 15... Bxe2 16. Qxe2 h6 17. Nf3 Nd7 18. e5 Nf8 19. Rfd1 Rac8 20. Rc4 b5 21. Rh4 c4 {1-0 (36) Girya,O (2406)-Khotenashvili,B (2490) Gaziantep 2012}) 16. Bxg4 hxg5 17. Rb1 Nc6 18. Rxb7 (18. Qc1 $1 $14 {might be stronger.} Ne5 19. Qxg5 Nxg4 20. Qxg4) 18... Qa6 $11 19. Rb2 Nd4 20. Qc1 Rab8 21. Rxb8 (21. Rd2 $5 ) 21... Rxb8 22. h3 Qd3 23. e5 c4 24. Re1 $2 (24. Rd1 $11 Qe4 25. d6 Qxg4 26. hxg4 Ne2+ 27. Kh2 Nxc1 28. Rxc1) 24... c3 $19 25. d6 (25. e6 $17 f5 26. Qxg5 fxg4 27. Qxe7) 25... exd6 26. exd6 {[%emt 0:01:05] [#]} c2 $1 {[%emt 0:00:41] White must now prevent ...Rb1.} 27. d7 Ne6 $2 ({And not} 27... Qb5 28. a4 Qc6 29. Qxg5 $15) (27... Kg7 $19 {Strongly threatening ...Nc6.} 28. Kh2 (28. Qxg5 $2 Nc6 $19) 28... Rb1 29. Qxg5 (29. d8=Q $2 Nf3+ 30. Bxf3 Qxd8 $19) 29... Nc6) 28. Bxe6 $11 Rb1 29. Bb3 {[%emt 0:04:04] Black keeps a firm grip on the game.} (29. Qxc2 $11 Rxe1+ 30. Kh2 Qxc2 31. d8=Q+ Kg7 32. Qd4+ Kh7 33. Qxa7) 29... Rxc1 $19 {[%emt 0:03:35] The board is on fire.} 30. Rxc1 Qxd7 {[%emt 0:00:18] Threatens to win with ...a5.} 31. Rxc2 {[%emt 0:00:05][%mdl 4096] Endgame KQ-KRB} Kg7 32. Rc4 a5 33. Ra4 Qd2 {[%emt 0:00:27] aiming for ...Qe1+.} 34. g3 f5 35. Kg2 f4 36. gxf4 $2 (36. h4 $17) 36... gxf4 37. Rc4 Qd5+ 38. Kg1 $2 (38. Kf1 Qg5 39. Ke2) 38... Qg5+ 39. Kh1 f3 40. Rg4 {[%emt 0:00:01] Prevents Qg2+.} Qd2 41. a4 Qe1+ {[%emt 0:01:37] Black mates.} 42. Rg1 Qxf2 43. Be6 Qe3 44. Bg4 Qd3 45. Ra1 f2 46. Kg2 Qe4+ {[%emt 0:00:06] Weighted Error Value: White=0.63/Black=0.09 (flawless)} 0-1

[Event "2nd Doppelbauer Kiel GM 2022"]
[Site "Kiel"]
[Date "2022.07.03"]
[Round "6.3"]
[White "Bogner, Sebastian"]
[Black "Teclaf, Pawel"]
[Result "1/2-1/2"]
[ECO "D22"]
[WhiteElo "2553"]
[BlackElo "2537"]
[Annotator "TA"]
[PlyCount "34"]
[EventDate "2022.06.30"]
[EventType "tourn"]
[EventCountry "GER"]
[SourceTitle "playchess.com"]
[Source "ChessBase"]
[SourceQuality "1"]
[TimeControl "40/5400+30:1800+30"]

1. d4 d5 2. c4 dxc4 3. Nf3 a6 4. e3 Bg4 5. Bxc4 e6 6. O-O Nc6 {[%emt 0:00:33] D22: Queen's Gambit Accepted: 3 Nf3 a6 4 e3.} 7. h3 Bh5 8. Be2 Nf6 {[%emt 0:02:10] White is slightly better.} 9. a3 Bd6 10. b4 O-O 11. Bb2 Qe8 {[%emt 0:06:42] [#]} 12. Ne5 $146 ({Predecessor:} 12. Re1 Rd8 13. Nbd2 e5 14. Nxe5 Bxe2 15. Qxe2 Nxe5 16. dxe5 Bxe5 17. Bxe5 Qxe5 18. Nf3 {½-½ (18) Punnett,A (2155)-Djabri,Z (2080) West Bromwich 2006}) 12... Bxe2 {[%emt 0:07:57] The position is equal.} 13. Qxe2 Nd5 14. Rc1 Nxe5 15. dxe5 Be7 16. Nd2 a5 17. bxa5 Rxa5 {[%emt 0:00:49] Weighted Error Value: White=0.04 (flawless) /Black=0.00 (flawless)} 1/2-1/2

[Event "2nd Doppelbauer Kiel GM 2022"]
[Site "Kiel"]
[Date "2022.07.03"]
[Round "6.4"]
[White "Horvath, Dominik"]
[Black "Hacker, Jonas"]
[Result "1/2-1/2"]
[ECO "B47"]
[WhiteElo "2482"]
[BlackElo "2396"]
[Annotator "TA"]
[PlyCount "118"]
[EventDate "2022.06.30"]
[EventType "tourn"]
[EventCountry "GER"]
[SourceTitle "playchess.com"]
[Source "ChessBase"]
[SourceQuality "1"]
[TimeControl "40/5400+30:1800+30"]

1. e4 c5 2. Nf3 e6 3. d4 cxd4 4. Nxd4 Nc6 5. Nc3 Qc7 6. Ncb5 {[%emt 0:00:05] B47: Sicilian: Taimanov: 5 Nc3 Qc7 6 f4, 6 g3 and 6 Be2.} Qb8 7. Bd3 a6 8. Nxc6 bxc6 9. Nd4 Nf6 10. O-O {[%emt 0:00:07] [#]} Bb7 $146 ({Predecessor:} 10... c5 11. Nf3 c4 12. Bxc4 Nxe4 13. Qd4 Bb7 14. Re1 Nf6 15. Ne5 Qc7 16. Bd3 Bd6 {½-½ (40) Bolhari,O-Dedina,M (2348) ICCF email 2017}) 11. Re1 c5 12. Nf3 c4 $1 13. Bxc4 {[%emt 0:00:17] With the idea e5.} Bxe4 14. Bg5 (14. Bd3 $5 Bb7 15. Be3 $11) 14... Qb7 15. Ne5 d6 16. Nxf7 Kxf7 $17 17. Bxf6 gxf6 18. Qg4 f5 ({Black should play} 18... Bd5 $1 $17 {Hoping for ...h5.} 19. Qh5+ Kg8 20. Qg4+ Qg7 21. Qxe6+ Bxe6 22. Bxe6+ Qf7 $1) 19. Qh5+ $11 Ke7 20. Qg5+ Kf7 {[%emt 0:10:11][%cal Be7f7,Bf7e8,Be8d8][%mdl 32] Threatens to win with ...d5.} 21. f3 (21. Qh5+ $11 Ke7 22. Qh4+ Kf7 23. Qh5+) 21... Bd5 $17 22. Rxe6 {[%emt 0:00:09][%mdl 64] Remove Defender, Decoy} Bxe6 ({Resist} 22... Kxe6 23. Re1+ Kd7 24. Qxf5+ Kd8 25. Bxd5 Qa7+ 26. Kf1 $16) 23. Qxf5+ Ke8 $1 24. Re1 {[%emt 0:01:08] [#]} (24. Qxe6+ $142 Qe7 25. Qd5) 24... Be7 $1 25. Qxe6 Kd8 26. Bd5 Qb6+ 27. Kh1 Ra7 28. b3 h5 (28... Qd4 $19 29. c4 Rc7) 29. h3 (29. Rd1 $17) 29... Bh4 $19 30. Rd1 Re7 $1 31. Qg6 Kc7 $1 32. g3 {[%emt 0:01:32] [#]} Qf2 $2 (32... Rhe8 $1 $19 {( -> ...Re1+)} 33. Be4 (33. gxh4 $2 Re1+ 34. Rxe1 Rxe1+ 35. Kh2 Re2+ 36. Kh1 Qf2 $19) 33... d5 34. Qxb6+ Kxb6 35. Rxd5 Bxg3 36. Rxh5 Rg7 37. Rh6+ Ka7) 33. gxh4 $15 Qxh4 34. Qg2 Re1+ (34... Rhh7 $17 {And now ...Rhg7 would win.} 35. Be4 Rhg7) 35. Rxe1 $11 Qxe1+ {[%emt 0:00:03][%mdl 4096] Endgame KQR-KQB} 36. Qg1 Re8 {[%emt 0:00:58] White must now prevent ...Re2.} 37. Be4 {[%emt 0:00:02] The board is on fire.} Qxg1+ 38. Kxg1 {[%emt 0:00:03] KR-KB} h4 39. b4 Re5 40. c4 a5 41. a3 axb4 42. axb4 Re8 43. Kf2 Kd7 {[%emt 0:05:46] [#]} (43... Rg8 $11 {keeps the balance.}) 44. Ke3 (44. b5 $1 $16 {aiming for Bc6+.} Rg8 45. f4) 44... d5 {[%emt 0:03:33] The position is equal.} 45. cxd5 Rb8 46. Kf4 Rxb4 47. Kg5 Kd6 48. Kxh4 Ke5 49. Kg5 Rb2 50. h4 {[%emt 0:00:00] Strongly threatening Bf5.} Rg2+ 51. Kh6 Kf6 52. h5 Rg8 53. Kh7 Rd8 54. h6 Rc8 55. f4 Rc4 56. Bg2 Rxf4 57. Bh3 Rb4 58. d6 Rb8 59. d7 Ke5 $2 {[%emt 0:06:10][%mdl 40960] Never resign too early!  Weighted Error Value: White=0.17 (very precise) /Black=0.19 (very precise) . An unexpected result.} (59... Rd8 $11) 1/2-1/2

[Event "2nd Doppelbauer Kiel GM 2022"]
[Site "Kiel"]
[Date "2022.07.03"]
[Round "6.5"]
[White "Rosner, Jonas"]
[Black "Pajeken, Jakob Leon"]
[Result "0-1"]
[ECO "D30"]
[WhiteElo "2469"]
[BlackElo "2398"]
[Annotator "TA"]
[PlyCount "168"]
[EventDate "2022.06.30"]
[EventType "tourn"]
[EventCountry "GER"]
[SourceTitle "playchess.com"]
[Source "ChessBase"]
[SourceQuality "1"]
[TimeControl "40/5400+30:1800+30"]

1. d4 Nf6 2. Nf3 e6 3. c4 a6 4. e3 d5 5. b3 c5 6. Bb2 {[%emt 0:01:15] D30: Queen's Gambit Declined: Systems without Nc3.} cxd4 {[%emt 0:00:13] 6...cxd4 scores better than 6...Nc6.} 7. exd4 b6 8. Bd3 {[%emt 0:01:18] The position is equal.} Bb7 9. O-O Be7 10. Nbd2 Nbd7 11. Qe2 O-O 12. Rac1 Rc8 13. Rfd1 {[%emt 0:01:58] [#]} Re8 $146 ({Predecessor:} 13... dxc4 14. bxc4 Qc7 15. d5 Nc5 16. Ng5 exd5 17. cxd5 Rfe8 18. Nde4 Nfxe4 19. Nxe4 Qf4 {½-½ (28) Valinova,J (2391)-Meyer,K (2427) ICCF email 2019}) 14. Ne5 Nf8 15. Ndf3 {[%emt 0:09:15] Black must now prevent Ng5.} h6 {[%emt 0:03:39] Inhibits Ng5.} 16. a4 a5 17. c5 bxc5 18. Bb5 N8d7 (18... Ne4 $11) 19. dxc5 $14 Nxc5 20. Bxe8 Qxe8 21. Nd4 Ba6 {[%emt 0:03:14] Inhibits Qb5.} 22. Qe1 $36 {[%emt 0:02:08][%mdl 2048] White has good play.} Ra8 (22... Bd6 $14) 23. Ndc6 (23. Qxa5 $6 Be2 24. Qd2 Bxd1 25. Qxd1 Nfe4 $14) 23... Bd6 (23... Nxb3 $142 24. Rc3 Nc5) 24. Qe3 (24. Qxa5 $2 Nxb3 25. Qb6 Nxc1 26. Rxc1 Ne4 $19) 24... Nfd7 (24... Nb7 $16 25. f3 d4 26. Nxd4 (26. Qxd4 Nd5 $14) 26... Nd5) 25. Nxd7 $18 (25. Nxa5 $6 Bxe5 26. Bxe5 Nd3 27. Rxd3 Bxd3) 25... Nxd7 26. Nxa5 Qd8 {[%emt 0:03:46] [#]} 27. Nc4 Bxc4 28. bxc4 Qb8 29. Rb1 $1 {[%emt 0:02:13][%cal Ob2g7] Strongly threatening Bxg7!} ({Don't play} 29. cxd5 $6 Bxh2+ 30. Kf1 (30. Kh1 Bf4 $16) 30... Qxb2 $16) 29... Bxh2+ 30. Kh1 Bf4 31. Qf3 {[%emt 0:03:19][%cal Ob2g7] Threatens to win with Bxg7!} Rxa4 {[%emt 0:07:06] [#]} 32. Bxg7 $1 Qd6 (32... Qc7 33. Bd4) 33. Qg4 ({Better is} 33. Rd4 $16 Rxc4 34. Rxc4 dxc4 35. Rd1) 33... h5 $1 $11 34. Qxh5 Kxg7 {[%emt 0:00:09] Really sharp!} 35. Qg4+ $1 Kf8 36. cxd5 Qe5 ({Don't do} 36... Nf6 37. Qh4 Qe5 38. dxe6 $16) 37. g3 $2 {[%emt 0:04:26][%mdl 8192] [#] Loses the game.} (37. dxe6 $11 {and White has nothing to worry.} Qh8+ 38. Qh3 Qxh3+ 39. gxh3) 37... Bxg3 $1 $19 38. Qxg3 {[%emt 0:02:58] [#]} Qh5+ 39. Kg2 (39. Kg1 $142 Rg4 40. dxe6 Rxg3+ 41. fxg3 Qc5+ 42. Kh1 Qc6+ 43. Kg1 Qxe6 44. Rf1) 39... Rg4 40. dxe6 Rxg3+ 41. fxg3 Qe2+ 42. Kg1 Ne5 43. Rf1 Nf3+ 44. Rxf3 Qxf3 {[%emt 0:00:00] KQ-KR} 45. e7+ Kxe7 46. Kh2 Qf2+ 47. Kh1 Qxg3 48. Rb7+ Ke6 49. Re7+ Kd6 50. Rd7+ Kc6 51. Rxf7 Qh3+ 52. Kg1 Qg4+ 53. Kf2 Kd5 54. Rf3 Ke4 55. Rg3 Qf4+ 56. Kg2 Qd2+ 57. Kh3 Qe1 58. Kg4 Qa1 59. Kg5 Qg7+ 60. Kh4 Qh8+ 61. Kg5 Qe5+ 62. Kg4 Qf4+ 63. Kh3 Qf1+ 64. Kg4 Qe1 65. Rg2 Qd1+ 66. Kg3 Ke3 67. Kh2 Qe1 68. Rg8 Qh4+ 69. Kg1 Qf2+ 70. Kh1 Qf7 {[%emt 0:00:00] Black mates.} 71. Rg3+ Kf2 72. Rg2+ Kf3 73. Kh2 Qd5 74. Kg1 Qd4+ 75. Kh2 Qe4 76. Kh1 Qb1+ 77. Kh2 Qe1 78. Rg8 Qh4+ 79. Kg1 Qd4+ 80. Kh2 Qd2+ 81. Kg1 Qc1+ 82. Kh2 Qc2+ 83. Kg1 Qb1+ 84. Kh2 Qa2+ {[%emt 0:00:00] Weighted Error Value: White=0.41/Black=0.09 (flawless)} 0-1

[Event "2nd Doppelbauer Kiel GM 2022"]
[Site "Kiel"]
[Date "2022.07.03"]
[Round "7.1"]
[White "Pajeken, Jakob Leon"]
[Black "Parvanyan, Ashot"]
[Result "1/2-1/2"]
[ECO "A11"]
[WhiteElo "2398"]
[BlackElo "2455"]
[Annotator "TA"]
[PlyCount "63"]
[EventDate "2022.06.30"]
[EventType "tourn"]
[EventCountry "GER"]
[SourceTitle "playchess.com"]
[Source "ChessBase"]
[SourceQuality "1"]
[TimeControl "40/5400+30:1800+30"]

1. Nf3 Nf6 2. g3 d5 3. Bg2 c6 4. O-O Bg4 5. d3 Nbd7 6. c4 e6 7. cxd5 exd5 8. Nc3 Bc5 9. e4 {[%emt 0:04:20] A11: English Opening: 1...c6.} dxe4 10. dxe4 O-O 11. h3 Bxf3 12. Qxf3 Re8 {[%emt 0:00:48] [#]} 13. Bf4 $146 ({Predecessor:} 13. Kh2 Ne5 14. Qe2 Qd3 15. Qxd3 Nxd3 16. f4 Rad8 17. e5 Nd7 18. Ne4 Nxc1 19. Raxc1 {1-0 (50) Badea,B (2479)-Marzano,C (2233) Montecatini Terme 1999}) 13... Ne5 14. Qe2 Qd3 15. Rfe1 Rad8 16. Rad1 Qxe2 17. Rxe2 {[%emt 0:00:23] [#] Threatens to win with Rxd8.} Rxd1+ 18. Nxd1 Nd3 19. Bg5 h6 20. Bxf6 gxf6 21. Rd2 Ne5 22. Kf1 Kf8 23. Ke2 Ke7 (23... f5 $5 ) 24. f4 Nd7 25. Kf3 Nf8 26. Ne3 Bxe3 27. Kxe3 $14 {[%emt 0:00:03] KRB-KRN} Ne6 28. Bf1 Rg8 29. g4 a5 30. Bc4 h5 31. Kf3 ({Much worse is} 31. gxh5 Rg3+ 32. Kf2 Rxh3 $17) 31... hxg4+ 32. hxg4 {[%emt 0:00:53] Weighted Error Value: White=0.05 (flawless) /Black=0.04 (flawless)} 1/2-1/2

[Event "2nd Doppelbauer Kiel GM 2022"]
[Site "Kiel"]
[Date "2022.07.03"]
[Round "7.2"]
[White "Hacker, Jonas"]
[Black "Rosner, Jonas"]
[Result "1/2-1/2"]
[ECO "C43"]
[WhiteElo "2396"]
[BlackElo "2469"]
[Annotator "TA"]
[PlyCount "57"]
[EventDate "2022.06.30"]
[EventType "tourn"]
[EventCountry "GER"]
[SourceTitle "playchess.com"]
[Source "ChessBase"]
[SourceQuality "1"]
[TimeControl "40/5400+30:1800+30"]

1. e4 e5 2. Nf3 Nf6 3. d4 Nxe4 4. Bd3 d5 5. Nxe5 Nd7 6. Nxd7 Bxd7 7. O-O Bd6 8. Nc3 Nxc3 9. bxc3 O-O {[%emt 0:00:33] The position is equal.} 10. Qh5 {[%emt 0:00:21][%csl Gd3,LRd5,LRh7][%cal Rh5h7] [#] Prevents Qh4. C43: Petroff Defence: 3 d4.} f5 $1 11. Re1 c6 12. Bg5 Qc7 13. Be7 {[%emt 0:03:11] 13.Re3 gains popularity.} Rfe8 {[%emt 0:09:13] [#]} 14. Bxd6 $146 ({Predecessor:} 14. Bxf5 Bxh2+ 15. Qxh2 Qxh2+ 16. Kxh2 Bxf5 17. Rac1 Kf7 18. Bc5 b6 19. Bd6 Rxe1 20. Rxe1 {½-½ (59) Balogh,C (2527)-Jussupow,A (2583) Bastia 2004}) 14... Qxd6 15. g3 ({Not} 15. Bxf5 $2 g6 16. Bxg6 (16. Rxe8+ $2 Rxe8 17. Bxd7 gxh5 $19) 16... Qxg6 17. Qxg6+ hxg6 $19) 15... g6 16. Qh6 Rxe1+ 17. Rxe1 b5 18. h4 Qf8 19. Qf4 Re8 20. Rxe8 Bxe8 $11 {[%emt 0:02:23][%mdl 4096] Endgame KQB-KQB} 21. h5 a5 22. Qe5 a4 23. Kg2 Bd7 24. h6 Kf7 (24... Qxh6 $2 25. Qe7 Bc8 26. Qe8+ Qf8 27. Qxc6 $18) 25. Qf4 Ke7 26. Qe5+ Be6 27. Qc7+ Bd7 28. Qe5+ Be6 29. Qc7+ {[%emt 0:03:17] A balanced but interesting game.  Weighted Error Value: White=0.01 (flawless) /Black=0.00 (flawless)} 1/2-1/2